 Dungeon Crawl Stone Soup version 0.31.0 (webtiles) character file.

Game seed: 13631658518716471163

104 TheBigCreep the Firebug (level 4, -3/31 HPs)
             Began as a Demonspawn Fire Elementalist on Jan 20, 2024.
             Slain by Duvessa
             ... wielding a +0 short sword
              (6 damage)
             ... on level 4 of the Dungeon.
             The game lasted 00:07:40 (1250 turns).

TheBigCreep the Firebug (DsFE)                      Turns: 1250, Time: 00:07:41

Health: -3/31      AC:  7    Str: 10    XL:     4   Next: 52%
Magic:  0/7        EV: 10    Int: 16    God:
Gold:   67         SH:  0    Dex: 13    Spells: 2/8 levels left

rFire   + . .        b - +0 dagger
rCold   + . .        (no shield)
rNeg    . . .        i - +2 ring mail {rF+}
rPois   .            (no helmet)
rElec   .            (no cloak)
rCorr   .            (no gloves)
SInv    .            (no boots)
Will    +....        (no amulet)
Stlth   +            (no ring)
HPRegen 0.25/turn    (no ring)
MPRegen 0.10/turn

%: no passive effects
@: brilliant, enlightened, flying, very slightly contaminated, invisible
A: hooves 1, powered by death 1, fangs 1, cold resistance 1, low MP 1
a: no special abilities


You were on level 4 of the Dungeon.
You visited 1 branch of the dungeon, and saw 4 of its levels.

You collected 67 gold pieces.

Inventory:

Hand Weapons
 b - a +0 dagger (weapon)
Armour
 a - a +0 robe
 i - a +2 ring mail of fire resistance (worn)
Jewellery
 f - an amulet of faith
Talismans
 c - a maw talisman
Scrolls
 g - 2 scrolls of noise
 j - a scroll of amnesia
Potions
 d - a potion of brilliance
 k - a potion of invisibility


   Skills:
 * Level 0.7 Fighting
 * Level 0.2 Short Blades
 * Level 0.6 Armour
 * Level 2.0 Dodging
 * Level 2.1 Stealth
 * Level 2.5 Spellcasting
 * Level 1.6 Conjurations
 * Level 0.5 Translocations
 * Level 3.4 Fire Magic
 * Level 0.3 Evocations
 * Level 0.5 Shapeshifting


You had 2 spell levels left.
You knew the following spells:

 Your Spells              Type           Power      Damage    Failure   Level
a - Foxfire               Conj/Fire      60%        2x1d7     19%         1
b - Scorch                Fire           38%        2d6       19%         2
c - Volatile Blastmotes   Fire/Tloc      24%        2d12      56%         3

Your spell library contained the following spells:

 Spells                   Type           Power      Damage    Failure   Level
 Inner Flame              Hex/Fire       11%        N/A       58%         3
 Flame Wave               Conj/Fire      15%        2d7       88%         4


Dungeon Overview and Level Annotations

Branches:
Dungeon (4/15)
 Temple: D:4-7

Altars:

Annotations:
D:4 Duvessa


Innate Abilities, Weirdness & Mutations

You have large cloven feet.
You regenerate a little health from kills.
You have very sharp teeth.
Your flesh is cold resistant. (rC+)
Your magical capacity is low. (-10% MP)


Message History

Press: ? - help, Q - select action, (/) - cycle Dir - look around, f - activate Look: Duvessa, wielding a +0 short sword and wearing a +0 leather armour (lightly wounded, berserk, more vulnerable to fire) Flames lash the giant cockroach.
You kill the giant cockroach!
Duvessa hits you but does no damage.
Casting: Scorch (safe; 19% risk of failure)
Confirm with . or Enter, or press ? or * to list all spells.
You conjure some foxfire!
Duvessa is no longer more vulnerable to fire.
Duvessa hits you but does no damage. Duvessa hits you with a +0 short sword.
You hit Duvessa.
Duvessa is lightly wounded.
The foxfire hits Duvessa.
Duvessa is moderately wounded.
The foxfire hits Duvessa.
Duvessa is moderately wounded.
Duvessa hits you with a +0 short sword!
It was a potion of brilliance.
You feel clever all of a sudden. Duvessa barely misses you.
Duvessa hits you with a +0 short sword.
It was a potion of invisibility.
You fade into invisibility!
Duvessa hits you with a +0 short sword!
* * * LOW HITPOINT WARNING * * *
Unknown command.
It was a potion of enlightenment.
You feel very buoyant.
You fly up into the air.
Duvessa misses you. Duvessa barely misses you. Duvessa barely misses you.
Duvessa hits you with a +0 short sword.
* * * LOW HITPOINT WARNING * * *
Casting: Foxfire (safe; 19% risk of failure)
Confirm with . or Enter, or press ? or * to list all spells.
You feel a surge of power!
You miscast Foxfire.
Nothing appears to happen.
Duvessa hits you but does no damage.
Level annotation: Duvessa Welcome back, TheBigCreep the Demonspawn Fire Elementalist.
Press ? for a list of commands and other information.
Duvessa hits you with a +0 short sword.
You die...

#### ..# #.#
#######.###### #
#............#
#####.#####....##.####)#
...............##.# #.#
#####.........e@..# #.#
#.#######.########.######
#. #..........e....# #
#####.#########.#
######.# #......#
#<###### #.# #.#


You could see Duvessa (berserk, unable to see you).

Vanquished Creatures
  2 adders
  3 dart slugs
  A ribbon worm (D:3)
  2 ball pythons
  4 bats
  A giant cockroach (D:4)
  2 kobolds
  2 quokkas (D:2)
  3 frilled lizards
  4 goblins
  3 rats
27 creatures vanquished.

Vanquished Creatures (collateral kills)
  Dowan (D:4)
  An orc (D:4)
  A quokka (D:4)
3 creatures vanquished.

Vanquished Creatures (others)
  27 foxfires
27 creatures vanquished.

Grand Total: 57 creatures vanquished

Notes
Turn   | Place    | Note
-------+----------+-------------------------------------------
     0 | D:1      | TheBigCreep the Demonspawn Fire Elementalist began the
                  | quest for the Orb.
     0 | D:1      | Reached XP level 1. HP: 13/13 MP: 3/3
   219 | D:1      | Gained mutation: You regenerate a little health from kills.
                  | [demonic ancestry]
   219 | D:1      | Reached XP level 2. HP: 19/19 MP: 3/5
   222 | D:1      | Learned a level 2 spell: Scorch
   239 | D:2      | Reached skill level 3 in Fire Magic
   495 | D:2      | Gained mutation: You have large cloven feet. [demonic
                  | ancestry]
   495 | D:2      | Reached XP level 3. HP: 23/24 MP: 0/6
   501 | D:2      | Learned a level 3 spell: Volatile Blastmotes
   517 | D:2      | Found a faded altar of an unknown god.
  1021 | D:3      | Gained mutation: You are occasionally teleported next to
                  | monsters. [potion of mutation]
  1021 | D:3      | Gained mutation: You are robust. (+10% HP) [potion of
                  | mutation]
  1021 | D:3      | Gained mutation: Your magical capacity is low. (-10% MP)
                  | [potion of mutation]
  1021 | D:3      | Gained mutation: You have a beak for a mouth. [potion of
                  | mutation]
  1022 | D:3      | Lost mutation: You are occasionally teleported next to
                  | monsters. [potion of mutation]
  1022 | D:3      | Lost mutation: You have a beak for a mouth. [potion of
                  | mutation]
  1022 | D:3      | Lost mutation: You are robust. (+10% HP) [potion of
                  | mutation]
  1022 | D:3      | Gained mutation: You have very sharp teeth. [potion of
                  | mutation]
  1022 | D:3      | Gained mutation: Your flesh is cold resistant. (rC+)
                  | [potion of mutation]
  1192 | D:4      | Noticed Duvessa
  1192 | D:4      | Noticed Dowan
  1200 | D:4      | Killed Dowan
  1201 | D:4      | Reached XP level 4. HP: 24/31 MP: 3/7
  1250 | D:4      | Slain by Duvessa

Illustrated notes

Levels and vault maps discovered:
D:1:      scummos_arrival_simple_crosswalls, layout_loops_ring
D:2:      layout_basic, shapermc_ecumenical_altar_venn, minmay_pentomino_r2
D:3:      layout_rooms
D:4:      layout_loops_ring, minmay_temple_entry_proselytizer, uniq_duvessa

Skill      XL: |  1  2  3 |
---------------+----------+-----
Fire Magic     | 3 |  3.4
Stealth        | 2 |  2.1
Dodging        | 2 |  2.0
Fighting       | |  0.7
Short Blades   | |  0.2
Armour         | |  0.6
Spellcasting   | |  2.5
Conjurations   | |  1.6
Translocations | |  0.5
Evocations     | |  0.3
Shapeshifting  | |  0.5

Action                     |  1- 3 |  4- 6 || total
---------------------------+-------+-------++-------
  Melee: Dagger            |    14 |     1 ||    15
         Kick              |     1 |       ||     1
   Cast: Foxfire           |    15 |     1 ||    16
         Scorch            |    17 |     2 ||    19
  Evoke: Wand              |     3 |       ||     3
    Use: Scroll            |     5 |     1 ||     6
         Potion            |     4 |     3 ||     7
   Stab: Sleeping          |     1 |       ||     1
 Armour: Robe              |    22 |       ||    22
         Ring mail         |     6 |     9 ||    15
  Dodge: Dodged            |    35 |     6 ||    41
